 Dungeon Crawl Stone Soup version 0.22-a0-247-gbddf880 (webtiles) character file.

116 MatthieuS the Covered (level 5, 0/39 HPs)
             Began as a Human Wanderer on Feb 27, 2018.
             Succumbed to a kobold's poison
             ... on level 3 of the Dungeon.
             The game lasted 00:07:35 (2202 turns).

MatthieuS the Covered (Human Wanderer)              Turns: 2202, Time: 00:07:36

Health: 0/39       AC:  5    Str: 13    XL:     5   Next: 21%
Magic:  5/5        EV: 10    Int: 13    God:
Gold:   93         SH: 10    Dex: 12    Spells: 4/4 levels left

rFire    . . .     SeeInvis .   a - +1 spear
rCold    . . .     Gourm    .   i - +3 shield
rNeg     . . .     Faith    .   (no armour)
rPois    +         Spirit   .   (no helmet)
rElec    .         Reflect  .   (no cloak)
rCorr    .         Harm     .   r - +0 pair of gloves
MR       .....                  l - +0 pair of boots
Stlth    +.........             (no amulet)
HPRegen  0.13/turn              p - ring of poison resistance
MPRegen  0.09/turn              h - +3 ring of protection

@: lethally poisoned (0 -> -1), hasted, very quick
A: no striking features
a: no special abilities


You were on level 3 of the Dungeon.
You were not hungry.

You visited 1 branch of the dungeon, and saw 3 of its levels.

You collected 93 gold pieces.

Inventory:

Hand Weapons
 a - a +1 spear (weapon)
 w - a +0 hand crossbow
Missiles
 c - 65 bolts
 e - 4 tomahawks (quivered)
 g - 38 arrows
Armour
 f - a +0 plate armour
 i - a +3 shield (worn)
 j - a +0 chain mail
 l - a +0 pair of boots (worn)
 r - a +0 pair of gloves (worn)
Jewellery
 h - a +3 ring of protection (right hand)
 p - a ring of poison resistance (left hand)
Scrolls
 b - a scroll of fog
 o - 3 scrolls of teleportation
Comestibles
 d - 7 rations
 s - 4 chunks of flesh


   Skills:
 + Level 2.7 Fighting
   Level 1.0(1.3) Axes
 * Level 1.2(1.4) Polearms
 - Level 1.0 Throwing
 + Level 3.1 Armour
 + Level 2.4 Dodging
 + Level 1.1 Shields
   Level 1.0 Summonings
   Level 2.0 Air Magic
   Level 1.0 Evocations


You had 4 spell levels left.
You didn't know any spells.

Dungeon Overview and Level Annotations

Branches:
Dungeon (3/15)

Altars:
Dithmenos
Zin


Message History

As you read the scroll labeled POGOJI PEAF, it crumbles to dust.
It is a scroll of enchant weapon.
Your +0 spear glows red for a moment.
As you read the scroll labeled QAOPTO DUAPLE, it crumbles to dust.
It is a scroll of identify. a +0 plate armour
f - a +0 plate armour Wear which item? (? for menu, Esc to quit)
You start removing your armour.
You continue taking off your +0 chain mail.
Keep disrobing?
* * * LOW HITPOINT WARNING * * *
You feel sick.
You continue taking off your +0 chain mail. x3
You finish taking off your +0 chain mail.
Wear which item? (? for menu, Esc to quit)
You start putting on your armour.
You continue putting on your +0 plate armour. x2
Keep equipping yourself?
You die...

... #.... #<# ....
.... #.# ..... .S. #.#
....K##.# #.#####
........## #.....#
........S##### #####.#
.............# #.#
.........###)#######.#
.........# #..@(.....#
.........# ###########
####.....# #......
#...... #....#.# .....
..


There were no monsters in sight!

Vanquished Creatures
  Terence (D:3)
  5 adders
  A worm (D:2)
  2 dart slugs (D:1)
  A ball python (D:1)
  5 giant cockroaches
  6 goblins
  5 hobgoblins
  6 bats
  2 frilled lizards
  6 kobolds
  2 rats
42 creatures vanquished.

Vanquished Creatures (others)
  A kobold (D:3)
1 creature vanquished.

Grand Total: 43 creatures vanquished

Notes
Turn   | Place    | Note
-------+----------+-------------------------------------------
     0 | D:1      | MatthieuS the Human Wanderer began the quest for the Orb.
     0 | D:1      | MatthieuS set off with: a wand of flame (15), a +0 hand crossbow, 23 bolts, a ration, a +0 robe
     0 | D:1      | Reached XP level 1. HP: 15/15 MP: 1/1
   124 | D:1      | Reached XP level 2. HP: 21/21 MP: 2/2
   127 | D:1      | Reached skill level 1 in Dodging
   622 | D:1      | Reached XP level 3. HP: 22/27 MP: 3/3
  1109 | D:2      | Reached XP level 4. HP: 15/34 MP: 4/4
  1586 | D:2      | Noticed Terence
  1627 | D:2      | Found a glowing silver altar of Zin.
  1628 | D:2      | Found a shadowy altar of Dithmenos.
  2133 | D:3      | Reached skill level 1 in Polearms
  2133 | D:3      | Reached skill level 1 in Shields
  2185 | D:3      | HP: 1/34 [poisoned by a kobold]
  2188 | D:3      | Killed Terence
  2188 | D:3      | Reached XP level 5. HP: 2/39 MP: 5/5
  2190 | D:3      | HP: 1/39 [poisoned by a kobold]
  2196 | D:3      | HP: 1/39 [poisoned by a kobold]
  2202 | D:3      | Succumbed to a kobold's poison

Vault maps used:
D:1:      eino_arrival_cavern_b, grunt_decor_one_mirror
D:2:      gammafunk_temple_overflow_pools, minmay_misc_feat_x, uniq_terence
D:3:      eat_drink_and_be_merry_uskayaw, first_ration, led_sif_book,
          uniq_natasha, uniq_jessica

Skill      XL: |  1  2  3  4 |
---------------+-------------+-----
Dodging        | 1 2 |  2.4
Fighting       | 2 |  2.7
Polearms       | 1 |  1.2
Shields        | 1 |  1.1
Axes           | |  1.0
Throwing       | |  1.0
Armour         | |  3.1
Summonings     | |  1.0
Air Magic      | |  2.0
Evocations     | |  1.0

Action                   |  1- 3 |  4- 6 || total
-------------------------+-------+-------++-------
Melee: Short sword       |    75 |       ||    75
       Spear             |       |   108 ||   108
       Unarmed           |       |    14 ||    14
 Fire: Hand crossbow     |    39 |       ||    39
Evoke: Wand              |     4 |    11 ||    15
  Use: Scroll            |       |     7 ||     7
       Potion            |       |     2 ||     2
  Eat: Chunk             |     1 |     3 ||     4
Armor: Chain mail        |    74 |    64 ||   138
       Ring mail         |     1 |       ||     1
       Skin              |       |     1 ||     1
Dodge: Dodged            |    33 |    25 ||    58
Block: Shield            |       |    51 ||    51

Table legend:
 A = Spawn XP
 B = Non-spawn XP
 C = Spawn XP percentage of total XP
 D = Spawn monster count
 E = Non-spawn monster count
 F = Spawn count percentage of total count
 G = Total turns spent on level
                    A         B        C        D         E        F      G
               +---------+---------+-------+---------+---------+-------+---------
         Total |       0 |     167 |   0.0 |       0 |      42 |   0.0 |  2202
               +---------+---------+-------+---------+---------+-------+---------
           D:1 |       0 |      48 |   0.0 |       0 |      27 |   0.0 |  1022
           D:2 |       0 |      44 |   0.0 |       0 |      11 |   0.0 |   816
           D:3 |       0 |      75 |   0.0 |       0 |       4 |   0.0 |   364
               +---------+---------+-------+---------+---------+-------+---------
